 Dungeon Crawl Stone Soup version 0.16.1-2-g95b8d4c (webtiles) character file.

57 Esekla the Charmwright (level 4, -1/23 HPs)
             Began as a Vine Stalker Skald on Mar 25, 2015.
             Shot with an arrow by a centaur (2 damage)
             ... on level 2 of the Dungeon.
             The game lasted 00:29:41 (1415 turns).

Esekla the Charmwright (Vine Stalker Skald)         Turns: 1415, Time: 00:29:41

Health: -1/23      AC:  3    Str: 15    XL:     4   Next: 0%
Magic:  0/9        EV: 11    Int: 12    God:
Gold:   14         SH:  0    Dex: 14    Spells: 3 memorised, 1 level left

rFire  . . .     SeeInvis .     a - +0 hand axe
rCold  . . .     Clarity  .     b - +0 leather armour
rNeg   . . .     SustAb   .     (no shield)
rPois  .         Gourm    .     (no helmet)
rElec  .         Spirit   +     (no cloak)
rCorr  .         Warding  .     (no gloves)
rMut   .         Stasis   .     (no boots)
MR     .....                    (no amulet)
Stlth  +.........               (no ring)
                                j - ring of wizardry

@: not resistant to hostile enchantments, very unstealthy
A: fangs 2, regeneration 1, magic shield, antimagic bite, no device heal 3, rot
immunity
a: no special abilities


You were on level 2 of the Dungeon.
You were not hungry.

You visited 1 branch of the dungeon, and saw 2 of its levels.

You collected 14 gold pieces.

Inventory:

Hand weapons
 a - a +0 hand axe (weapon)
 k - a +0 spear
 q - a +0 hunting sling
 t - a +0 short sword
Missiles
 e - 32 stones (quivered)
 n - 13 arrows of flame
 v - 15 sling bullets
Armour
 b - a +0 leather armour (worn)
 y - a +0 ring mail
Jewellery
 j - a ring of wizardry (left hand)
Scrolls
 f - a scroll of teleportation {unknown}
 p - a scroll of remove curse {unknown}
 w - a scroll of amnesia {unknown}
 x - a scroll of random uselessness {unknown}
Potions
 i - a potion of poison {unknown}
 l - a potion of restore abilities {unknown}
 m - a potion of brilliance
Books
 c - a book of Battle

   Spells                             Type                      Level
   a - Infusion                       Charms                       1
   b - Shroud of Golubria             Charms/Translocation         2
   c - Song of Slaying                Charms                       2
   d - Spectral Weapon                Hexes/Charms                 3
   e - Regeneration                   Charms/Necromancy            3
Comestibles
 d - a bread ration
 g - 2 slices of pizza
 h - a meat ration


   Skills:
 + Level 2.4 Fighting
 + Level 2.2 Axes
 - Level 1.0 Armour
 - Level 1.0 Dodging
 + Level 0.6 Stealth
 + Level 2.4 Spellcasting
 * Level 0.8 Hexes
 - Level 3.0 Charms
 - Level 1.0 Translocations


You had one spell level left.
You knew the following spells:

 Your Spells              Type           Power        Failure   Level  Hunger
a - Infusion              Chrm           #.....       4%          1    ##.....
b - Shroud of Golubria    Chrm/Tloc      #.........   9%          2    ###....
c - Spectral Weapon       Hex/Chrm       #.......     19%         3    ####...


Dungeon Overview and Level Annotations

Branches:
Dungeon (2/15)

Altars:
Elyvilon


Innate Abilities, Weirdness & Mutations

You have extremely sharp teeth.
Your natural rate of healing is unusually fast.
When hurt, damage is shared between your health and your magic reserves.
Your bite disrupts and absorbs the magic of your enemies.
Potions and wands cannot restore your health.
You are immune to rotting.


Message History

You closely miss the ball python. Your bite misses the ball python.
The ball python is severely wounded.
The ball python bites you but does no damage.
The ball python constricts you.
You hit the ball python.
You kill the ball python!
You have reached level 4!
You feel agile.
e - 31 stones (gained 1)
e - 32 stones (gained 1)
A centaur comes into view.
The centaur shouts!
The centaur wields a shortbow.
The centaur shoots an arrow.
The arrow hits you!
You see here an arrow.
The centaur shoots an arrow.
The arrow hits you!
The centaur shoots an arrow.
The arrow hits you!
* * * LOW HITPOINT WARNING * * *
You see here an arrow.
The centaur shoots an arrow.
The arrow hits you.
You die...

#.#.# #.# #.#.# #.# #.#.#
#.# ### ### #...# #.# #..
..s ...# #.# ###.#
#.###.###.########.# .##.#
#................#.#
.##.#####.#.......((.......#
..........#.##<.@.#.......##
#†#.#####.#.#.#...#.#.....#
#...#####.#.#.....#.#.#...#
##................#.#.....#
##....###...#.....c.......#
.#..........#.#.###.#.##..#
.#....#.........# #.#.....#
.#....#.#.#.#...###.#####.#
.###..#.#.#.#.............#


You could see a centaur and a giant cockroach.

Vanquished Creatures
  2 adders (D:2)
  An ooze (D:1)
  A ball python (D:2)
  4 giant cockroaches (D:1)
  4 goblins (D:1)
  6 hobgoblins
  2 jackals (D:1)
  5 bats
  2 giant newts
  3 kobolds (D:1)
  8 rats
38 creatures vanquished.

Notes
Turn   | Place    | Note
--------------------------------------------------------------
     0 | D:1      | Esekla, the Vine Stalker Skald, began the quest for the Orb.
     0 | D:1      | Reached XP level 1. HP: 11/11 MP: 3/3
    55 | D:1      | Reached skill level 1 in Dodging
   116 | D:1      | Reached XP level 2. HP: 5/15 MP: 5/5
   121 | D:1      | Learned a level 2 spell: Shroud of Golubria
   494 | D:1      | Reached skill level 1 in Translocations
   529 | D:1      | Reached skill level 1 in Armour
   790 | D:1      | Reached XP level 3. HP: 15/18 MP: 7/7
  1237 | D:1      | Learned a level 3 spell: Spectral Weapon
  1312 | D:2      | Found a white marble altar of Elyvilon.
  1397 | D:2      | Reached XP level 4. HP: 21/23 MP: 7/9
  1411 | D:2      | Noticed a centaur
  1413 | D:2      | HP: 1/23 [centaur/arrow (6)]
  1415 | D:2      | Shot with an arrow by a centaur

Action                   |  1- 3 |  4- 6 || total
-------------------------+-------+-------++-------
Melee: Hand axe          |   119 |       ||   119
       Short sword       |     1 |       ||     1
 Fire: Hunting sling     |     8 |       ||     8
Throw: Stone             |    64 |       ||    64
 Cast: Infusion          |     1 |       ||     1
       Shroud of Golubri |     2 |       ||     2
  Use: Potion            |     2 |       ||     2
  Eat: Bread ration      |     1 |       ||     1
